 Dungeon Crawl Stone Soup version 0.20.0-10-g0535bb4 (webtiles) character file.

322955 Gorglomux the Warrior (level 21, -7/202 HPs)
             Began as a Hill Orc Fighter on June 7, 2017.
             Was the Champion of Makhleb.
             Mangled by an ettin
             ... wielding a +0 dire flail
              (32 damage)
             ... while paralysed by a lich
             ... on level 2 of the Depths.
             The game lasted 02:09:27 (36770 turns).

Gorglomux the Warrior (Hill Orc Fighter)           Turns: 36770, Time: 02:09:29

Health: -7/202     AC: 25    Str: 22    XL:     21   Next: 56%
Magic:  33/33      EV:  2    Int:  8    God:    Makhleb [******]
Gold:   2009       SH:  0    Dex: 17    Spells: 17/20 levels left

rFire    + . .     SeeInvis .   x - +5 broad axe (vamp)
rCold    + + .     Gourm    .   J - +0 large shield
rNeg     + . .     Faith    .   a - +3 plate armour {rC+}
rPois    +         Spirit   .   n - -2 hat of the Alchemist {rElec rPois rF+ rC+ rN+ MR+ rMut rCorr}
rElec    +         Reflect  +   S - scarf {repulsion}
rCorr    +         Harm     .   C - +2 pair of gloves
rMut     +                      l - +2 pair of boots
MR       ++...                  w - +5 amulet of reflection
Stlth    ..........             e - +4 ring of evasion
Regen    0.5/turn               y - +3 ring of slaying
MPRegen  0.3/turn

@: paralysed, drained, repel missiles
A: no striking features
}: 2/15 runes: decaying, gossamer
a: Minor Destruction, Lesser Servant of Makhleb, Major Destruction, Greater
Servant of Makhleb, Renounce Religion


You were on level 2 of the Depths.
You worshipped Makhleb.
Makhleb was exalted by your worship.
You were not hungry.

You visited 7 branches of the dungeon, and saw 37 of its levels.

You collected 4141 gold pieces.
You spent 2132 gold pieces at shops.

Inventory:

Hand Weapons
 x - a +5 vampiric broad axe (weapon)
Missiles
 Z - a throwing net (quivered)
Armour
 a - a +3 plate armour of cold resistance (worn)
 l - a +2 pair of boots (worn)
 n - the -2 hat of the Alchemist (worn) {rElec rPois rF+ rC+ rN+ MR+ rMut rCorr}
   (You bought it in a shop on level 2 of the Orcish Mines)

   It protects you from fire.
   It protects you from cold.
   It insulates you from electricity.
   It protects you from poison.
   It protects you from negative energy.
   It affects your resistance to hostile enchantments.
   It protects you from acid and corrosion.
   It protects you from mutation.
 p - a +1 cloak of magic resistance
 C - a +2 pair of gloves (worn)
 J - a +0 large shield (worn)
 S - a scarf of repulsion (worn)
Jewellery
 b - the ring of a Thousand Eyes {MR+ Str+5}
   (You found it on level 6 of the Lair of Beasts)

   [ring of protection from magic]

   It affects your strength (+5).
   It affects your resistance to hostile enchantments.
 c - an uncursed ring of protection from cold
 e - a +4 ring of evasion (left hand)
 m - an uncursed ring of protection from magic
 w - a +5 amulet of reflection (around neck)
 y - a +3 ring of slaying (right hand)
Wands
 A - a wand of acid (11/15)
 D - a wand of digging (10/24)
 L - a wand of lightning (5/15)
Scrolls
 d - a scroll of brand weapon
 j - 25 scrolls of remove curse
 q - 6 scrolls of recharging
 r - a scroll of summoning
 B - 7 scrolls of blinking
 E - 2 scrolls of fog
 F - a scroll of silence
 I - a scroll of immolation
 M - 7 scrolls of magic mapping
 R - 4 scrolls of identify
 T - 7 scrolls of teleportation
 X - 4 scrolls of fear
Potions
 h - 2 potions of resistance
 i - 5 potions of lignification
 k - 3 potions of magic
 o - 3 potions of heal wounds
 s - 8 potions of mutation {!q}
 t - 4 potions of might
 u - a potion of cancellation
 G - 4 potions of brilliance
 H - 2 potions of invisibility
 K - 2 potions of flight
 N - 3 potions of ambrosia
 P - 9 potions of haste
 Q - 18 potions of curing
 W - a potion of berserk rage
 Y - 5 potions of agility
Miscellaneous
 g - a lightning rod (4/4)
 U - a box of beasts
Comestibles
 f - 18 bread rations
 v - 40 chunks of flesh
 z - 23 meat rations
 O - 24 royal jellies
 V - 31 fruits


   Skills:
 + Level 20.4(19.5) Fighting
 - Level 17.4(16.6) Axes
 + Level 17.1(16.3) Armour
 + Level 13.6(12.8) Dodging
 + Level 16.9(16.2) Shields
 + Level 17.9(17.1) Invocations


You had 17 spell levels left.
You knew the following spells:

 Your Spells              Type           Power        Failure   Level  Hunger
R - Regeneration          Chrm/Necr      #.........   100%        3    ####...


Dungeon Overview and Level Annotations

Branches:
Dungeon (15/15)            Temple (0/1) D:6            Lair (6/6) D:8
  Swamp (4/4) Lair:3       Spider (4/4) Lair:3        Slime (0/5) Lair:6
    Orc (2/2) D:11            Elf (0/3) Orc:2        Vaults (4/5) D:14
  Crypt (0/3) Vaults:3     Depths (2/5) D:15

Altars:
Ashenzari
Cheibriados
Dithmenos
Elyvilon
Fedhas
Gozag
Kikubaaqudgha
Makhleb
Qazlal
Sif Muna
Vehumet
Yredelemnul
The Shining One
Beogh

Shops:
D:8 }   D:12 =   Orc:2 [(([   Vaults:4 %

Portals:
Hell: Depths:1
Ziggurat: Depths:1
Trove: D:13 (give +4 shadow dragon scales)

Annotations:
Lair:6 exclusion: oklob plant
Spider:4 Arachne


Message History

You slash the lich!
The lich gestures at you while chanting.
You suddenly lose the ability to move!
The ettin hits you but does no damage. The ettin hits you with a dire flail!!
The lich touches you but does no damage.
The lich touches you. You partially resist.
You feel drained. The ettin hits you with a dire flail.
The ettin hits you with a dire flail!!!
You hear a horrible gurgling sound!
The lich casts a spell at you.
You easily resist.
The ettin hits you but does no damage. The ettin hits you with a dire flail!!
The lich touches you. You partially resist.
You feel drained.
The lich launches a ball of destructive magic.
The wavering orb of destruction weakly hits you!
* * * LOW HITPOINT WARNING * * *
The vampire knight gestures wildly while chanting.
The vampire knight seems to speed up.
The ettin hits you with a dire flail!!
* * * LOW HITPOINT WARNING * * *
The ettin hits you with a dire flail!!
You die...

## ####( ######
###....
#/$(?#######......
#[?$"'..)'...?..(.
#!?%(#...#......((
#@L$!######.....)#
##C### #......#
#H.# ##..=..# #$!#
##....# #V.#
##..## #..# ##.#.
#..# ###. #..# #.
##


You could see a sphinx, a lich, a vampire knight and an ettin.

Vanquished Creatures
  Jory (Vaults:4)
  A titan (Depths:2)
  2 liches
  A storm dragon (Vaults:3)
  Gastronok (Lair:2)
  Donald (Swamp:1)
  A tengu reaver (Depths:2)
  3 frost giants
  2 ghost moths
  2 fire giants
  9 vault wardens
  An orc warlord (Orc:1)
  The ghost of Yermak the Severer, a journeyman DDGl of Makhleb (Spider:4)
  2 emperor scorpions
  Louise (Spider:2)
  A reaper (Depths:1)
  2 entropy weavers
  A juggernaut zombie (Depths:1)
  13 stone giants
  A spriggan defender (Depths:2)
  9 very ugly things
  9 ironheart preservers
  A spark wasp (Spider:3)
  3 deep elf death magi (Vaults:4)
  6 ettins
  6 fire dragons
  A crystal guardian (Vaults:4)
  8 yaktaur captains
  A merfolk impaler (Depths:2)
  A merfolk javelineer (Depths:2)
  4 rakshasas
  5 ice dragons
  6 hydras
  11 ogre magi
  A great orb of eyes (shapeshifter) (Vaults:1)
  Fannar (D:12)
  7 vault guards
  4 catoblepae
  6 alligators
  2 ghost crabs
  4 centaur warriors
  3 tengu warriors
  The ghost of Britaniac the Thaumaturge, a journeyman GrEE of Vehumet (D:9)
  3 death knights
  35 two-headed ogres
  An orc high priest (Orc:2)
  2 deep troll shamans
  6 death yaks (Lair:6)
  A titan zombie (Vaults:3)
  4 deep troll earth magi
  10 hell knights (Depths:1)
  3 deep elf knights
  A shadow wraith (Vaults:3)
  2 storm dragon zombies (Vaults:3)
  A skeletal warrior (D:11)
  An unseen horror (D:10)
  12 deep trolls
  2 flayed ghosts
  A swamp dragon (Swamp:4)
  2 glowing orange brains
  A swamp dragon (shapeshifter) (Depths:2)
  A tengu zombie (Depths:1)
  6 wizards
  5 necromancers
  14 orc knights
  3 deep elf magi (Vaults:4)
  4 deep elf archers
  A harpy (Vaults:2)
  13 orb spiders
  6 ironbrand convokers
  A sphinx zombie (Vaults:3)
  A stone giant zombie (Vaults:3)
  A manticore (shapeshifter) (Depths:2)
  3 orc sorcerers
  7 cyclopes
  6 manticores
  24 wolf spiders
  A fire giant zombie (Vaults:3)
  44 ugly things
  2 moths of wrath
  A guardian serpent (shapeshifter) (Vaults:3)
  3 black mambas (Lair:2)
  19 vault sentinels
  A black mamba (shapeshifter) (Depths:2)
  A torpor snail (shapeshifter) (Vaults:4)
  5 spectral swamp worms (Depths:1)
  2 gargoyles
  19 spiny frogs
  A spiny frog (shapeshifter) (Depths:2)
  2 torpor snails
  12 demonic crawlers
  5 komodo dragons
  An efreet (D:13)
  A redback zombie (D:14)
  6 freezing wraiths
  A komodo dragon (shapeshifter) (Depths:1)
  A rime drake (Lair:5)
  34 yaktaurs
  5 tengu conjurers
  9 trolls
  A meliai (shapeshifter) (Vaults:1)
  30 jumping spiders
  4 polar bears
  A queen bee (D:11)
  A jumping spider (shapeshifter) (Depths:1)
  5 tyrant leeches
  7 hornets
  4 bog bodies
  12 blink frogs
  17 slime creatures
  Grinder (D:5)
  4 dream sheep (Lair:6)
  A hippogriff (shapeshifter) (Depths:2)
  An ice dragon zombie (Depths:1)
  A frost giant simulacrum (Depths:1)
  12 hippogriffs
  2 shadows
  69 redbacks
  19 tarantellas
  Sigmund (D:5)
  A spriggan (shapeshifter) (Depths:2)
  2 wraiths
  3 spriggans
  A tarantella (shapeshifter) (Vaults:1)
  4 water elementals
  3 wyverns
  43 yaks
  A hog (shapeshifter) (Vaults:1)
  2 yaks (shapeshifter)
  4 basilisks
  2 humans
  3 hungry ghosts
  The ghost of newuser the Skirmisher, an amateur FoWz (D:3)
  4 hogs (D:9)
  9 vampire mosquitoes
  A naga (shapeshifter) (Vaults:3)
  7 wargs
  19 swamp worms
  A water moccasin (shapeshifter) (Depths:1)
  12 porcupines
  8 water moccasins
  2 human skeletons (Vaults:3)
  6 swamp drakes
  2 black bears (Lair:2)
  A hornet zombie (D:12)
  47 orc warriors
  An eye of draining (D:13)
  A sky beast (D:10)
  3 ice beasts
  A phantom (D:8)
  3 necrophages
  29 ogres
  11 boggarts
  18 wolves
  A centaur (shapeshifter) (Vaults:3)
  An elf skeleton (Vaults:3)
  12 centaurs
  8 crocodiles
  2 big kobolds
  A human zombie (Vaults:3)
  Blork the orc (D:5)
  17 bullfrogs
  A wyvern skeleton (D:12)
  5 scorpions
  2 vampire bats (D:6)
  26 killer bees
  14 wights
  10 howler monkeys
  An electric eel (Lair:3)
  A bullfrog zombie (D:12)
  9 crimson imps
  7 hounds
  6 jellies
  4 centaur skeletons
  3 bullfrog skeletons
  26 orc priests
  3 iguanas
  35 orc wizards
  10 worker ants
  A hound zombie (D:10)
  2 hound skeletons
  A worker ant zombie (D:11)
  12 adders
  3 gnolls (D:3)
  7 shadow imps
  4 oozes
  14 worms (D:13)
  A dart slug (D:1)
  5 leopard geckos
  119 orcs
  5 giant cockroaches
  10 goblins
  9 hobgoblins
  7 jackals
  16 kobolds
  5 quokkas
  2 ball pythons
  A ball python skeleton (D:4)
  12 bats
  7 frilled lizards
  12 rats
  2 crawling corpses (Vaults:4)
  6 fungi
  2 plants (D:13)
1427 creatures vanquished.

Vanquished Creatures (collateral kills)
  Saint Roka (Orc:2)
  A golden dragon (Depths:2)
  Nikola (Swamp:1)
  A thorn hunter (Swamp:4)
  Roxanne (Swamp:4)
  A vault warden (Vaults:3)
  An emperor scorpion (Spider:3)
  An entropy weaver (Vaults:3)
  An ettin (Vaults:3)
  12 hydras
  A catoblepas (Lair:4)
  3 two-headed ogres (Vaults:3)
  2 alligators (Swamp:1)
  A spriggan berserker (Swamp:4)
  12 swamp dragons
  A shambling mangrove (Swamp:4)
  An orc sorcerer (Orc:2)
  2 yaktaurs (Vaults:3)
  A freezing wraith (D:11)
  A komodo dragon (Lair:2)
  A troll (Orc:1)
  2 hornets (Swamp:1)
  A tyrant leech (Swamp:1)
  A jumping spider (Spider:1)
  3 bog bodies (Swamp:4)
  2 spriggans (Swamp:1)
  A tarantella (Spider:1)
  2 yaks (D:11)
  3 swamp worms
  9 swamp drakes
  3 orc warriors (Orc:2)
  2 boggarts (Vaults:3)
  5 wolves (Lair:6)
  2 ogres (Orc:1)
  3 orc priests (Orc:2)
  3 orc wizards (Orc:2)
  6 orcs
95 creatures vanquished.

Vanquished Creatures (others)
  An ironheart preserver (Vaults:4)
  2 stone giants (Depths:2)
  Nessos (Orc:2)
  An ogre mage (Depths:2)
  A yaktaur captain (Vaults:1)
  3 centaur warriors
  A wizard (D:13)
  An ironbrand convoker (Vaults:3)
  A deep elf archer (Vaults:4)
  3 cyclopes
  2 ugly things (Depths:2)
  A vault sentinel (Vaults:4)
  18 yaktaurs
  A yaktaur skeleton (Depths:1)
  A water elemental (Depths:2)
  A redback (Spider:4)
  2 boggarts
  An ogre (Vaults:4)
  3 centaurs
  2 wolves (Lair:6)
  An orc priest (Vaults:4)
  An orc wizard (D:7)
  3 orcs
  A kobold (D:11)
  7 fungi
  7 plants
67 creatures vanquished.

Grand Total: 1589 creatures vanquished

Notes
Turn   | Place    | Note
-------+----------+-------------------------------------------
     0 | D:1      | Gorglomux the Hill Orc Fighter began the quest for the Orb.
     0 | D:1      | Reached XP level 1. HP: 19/19 MP: 1/1
    70 | D:1      | Reached skill level 3 in Axes
   131 | D:1      | Reached XP level 2. HP: 27/27 MP: 2/2
   154 | D:1      | Reached skill level 4 in Fighting
   324 | D:1      | Reached XP level 3. HP: 33/33 MP: 3/3
  1048 | D:2      | Reached XP level 4. HP: 41/41 MP: 4/4
  1175 | D:2      | Found a shattered altar of Ashenzari.
  1309 | D:2      | Found an ancient bone altar of Kikubaaqudgha.
  1440 | D:3      | Reached skill level 5 in Fighting
  1590 | D:3      | Noticed newuser's ghost (amateur FoWz)
  1604 | D:3      | Reached XP level 5. HP: 34/48 MP: 5/5
  1623 | D:3      | Killed newuser's ghost
  1623 | D:3      | Reached skill level 6 in Fighting
  1623 | D:3      | Reached skill level 6 in Axes
  1623 | D:3      | Reached XP level 6. HP: 17/58 MP: 6/6
  2223 | D:3      | Found a burning altar of Makhleb.
  2223 | D:3      | Noticed a cacodemon
  2314 | D:3      | Noticed a neqoxec
  2314 | D:3      | Noticed a ynoxinul
  2316 | D:3      | Became a worshipper of Makhleb the Destroyer
  2382 | D:4      | Reached skill level 7 in Fighting
  2382 | D:4      | Reached XP level 7. HP: 63/66 MP: 7/7
  2464 | D:4      | Found a radiant altar of Vehumet.
  2527 | D:4      | Found a blossoming altar of Fedhas.
  2657 | D:4      | Reached * piety under Makhleb
  3105 | D:5      | Entered Level 5 of the Dungeon
  3169 | D:5      | Noticed Blork the orc
  3175 | D:5      | Killed Blork the orc
  3175 | D:5      | Reached skill level 8 in Fighting
  3204 | D:5      | Reached XP level 8. HP: 75/75 MP: 8/8
  3208 | D:5      | Noticed Sigmund
  3214 | D:5      | Killed Sigmund
  3214 | D:5      | Reached skill level 9 in Axes
  3232 | D:5      | Noticed Grinder
  3241 | D:5      | Killed Grinder
  3241 | D:5      | Reached skill level 9 in Fighting
  3903 | D:6      | Reached skill level 10 in Fighting
  3915 | D:6      | Reached ** piety under Makhleb
  3917 | D:6      | Reached XP level 9. HP: 54/85 MP: 9/9
  4024 | D:6      | Found a deep blue altar of Sif Muna.
  4039 | D:6      | Reached skill level 1 in Invocations
  4311 | D:6      | Found a snail-covered altar of Cheibriados.
  4354 | D:6      | Found a staircase to the Ecumenical Temple.
  4424 | D:6      | Found an opulent altar of Gozag.
  4510 | D:6      | Found a glowing golden altar of the Shining One.
  4925 | D:6      | Reached skill level 3 in Invocations
  5144 | D:7      | Found a stormy altar of Qazlal.
  5231 | D:7      | Reached skill level 11 in Fighting
  5234 | D:7      | Reached *** piety under Makhleb
  5711 | D:8      | Reached XP level 10. HP: 96/96 MP: 14/14
  5725 | D:8      | Reached skill level 12 in Axes
  5742 | D:8      | Reached skill level 6 in Invocations
  5847 | D:8      | Found a white marble altar of Elyvilon.
  6031 | D:8      | Found Laetsec's Gadget Emporium.
  6070 | D:8      | Found a staircase to the Lair.
  6418 | D:9      | Noticed Britaniac's ghost (journeyman GrEE)
  6437 | D:9      | Killed Britaniac's ghost
  6437 | D:9      | Reached skill level 1 in Dodging
  6496 | D:9      | Noticed a two-headed ogre
  6509 | D:9      | Killed a two-headed ogre
  6509 | D:9      | Reached skill level 12 in Fighting
  6959 | D:9      | Reached **** piety under Makhleb
  7129 | D:9      | Reached XP level 11. HP: 97/104 MP: 16/16
  7169 | D:9      | Found a basalt altar of Yredelemnul.
  7169 | D:9      | Found a shadowy altar of Dithmenos.
  7267 | D:10     | Entered Level 10 of the Dungeon
  7712 | D:10     | Killed an unseen horror
  7712 | D:10     | Reached skill level 3 in Dodging
  8162 | D:11     | Reached skill level 6 in Armour
  8264 | D:11     | Noticed a two-headed ogre
  8280 | D:11     | Killed a two-headed ogre
  8280 | D:11     | Reached skill level 6 in Shields
  8430 | D:11     | Reached ***** piety under Makhleb
  8437 | D:11     | Noticed a death knight
  8438 | D:11     | Noticed a skeletal warrior
  8477 | D:11     | Killed a death knight
  8477 | D:11     | Reached skill level 13 in Fighting
  8578 | D:11     | Killed a skeletal warrior
  8911 | D:11     | Reached XP level 12. HP: 105/115 MP: 17/17
  9395 | D:11     | Found a staircase to the Orcish Mines.
  9419 | D:11     | Identified a scroll of acquirement
  9721 | D:12     | Found Moamuw's Jewellery Emporium.
 10244 | D:12     | Noticed a two-headed ogre
 10250 | D:12     | Noticed Fannar
 10251 | D:12     | Killed a two-headed ogre
 10272 | D:12     | Killed Fannar
 10908 | Lair:1   | Entered Level 1 of the Lair of Beasts
 11282 | Lair:1   | Found a stormy altar of Qazlal.
 11540 | Lair:2   | Noticed a four-headed hydra
 11555 | Lair:2   | Killed a four-headed hydra
 11555 | Lair:2   | Reached skill level 14 in Fighting
 11555 | Lair:2   | Reached XP level 13. HP: 114/124 MP: 18/18
 11747 | Lair:2   | Noticed Gastronok
 11773 | Lair:2   | Killed Gastronok
 11773 | Lair:2   | Reached skill level 15 in Axes
 11773 | Lair:2   | Reached skill level 9 in Armour
 11773 | Lair:2   | Reached skill level 6 in Dodging
 11773 | Lair:2   | Reached skill level 9 in Shields
 12387 | Lair:3   | Found a staircase to the Swamp.
 12398 | Lair:3   | Reached ****** piety under Makhleb
 13187 | Lair:3   | Found a hole to the Spider Nest.
 14470 | Lair:5   | Got a translucent bone ring
 14488 | Lair:5   | Identified the ring "Xaotuh" {*Tele Int+3 Dex+4} (You found it on level 5 of the Lair of Beasts)
 14545 | Lair:5   | Found an ancient bone altar of Kikubaaqudgha.
 14678 | Lair:5   | Reached XP level 14. HP: 133/133 MP: 19/19
 15006 | Lair:6   | Entered Level 6 of the Lair of Beasts
 15272 | Lair:6   | Got a brightly glowing copper ring
 15402 | Lair:6   | Identified the ring of a Thousand Eyes {MR+ Str+5} (You found it on level 6 of the Lair of Beasts)
 15462 | Lair:6   | Reached skill level 15 in Fighting
 16942 | D:13     | Found a portal to a secret trove of treasure.
 17684 | D:13     | Reached XP level 15. HP: 141/141 MP: 21/21
 17799 | D:14     | Reached skill level 9 in Invocations
 17884 | D:14     | Found a gate to the Vaults.
 18128 | D:14     | Found a glowing golden altar of the Shining One.
 18672 | D:15     | Entered Level 15 of the Dungeon
 18920 | D:15     | Reached skill level 16 in Fighting
 18928 | D:15     | Found a white marble altar of Elyvilon.
 19335 | D:15     | Found a staircase to the Depths.
 19335 | D:15     | Noticed a frost giant
 19354 | D:15     | Killed a frost giant
 19582 | Orc:1    | Entered Level 1 of the Orcish Mines
 19583 | Orc:1    | Noticed an orc warlord
 19631 | Orc:1    | Killed an orc warlord
 19631 | Orc:1    | Reached skill level 12 in Armour
 19945 | Orc:1    | Found a roughly hewn altar of Beogh.
 20053 | Orc:2    | Entered Level 2 of the Orcish Mines
 20059 | Orc:2    | Found a staircase to the Elven Halls.
 20256 | Orc:2    | Reached skill level 12 in Shields
 20305 | Orc:2    | Noticed Nessos
 20316 | Orc:2    | Killed Nessos
 20598 | Orc:2    | Found a roughly hewn altar of Beogh.
 20680 | Orc:2    | Noticed Saint Roka
 20683 | Orc:2    | Noticed an Executioner
 20862 | Orc:2    | Found a roughly hewn altar of Beogh.
 20864 | Orc:2    | Found Goc Egg's Antique Armour Shoppe.
 20907 | Orc:2    | Found a roughly hewn altar of Beogh.
 20997 | Orc:2    | Killed Saint Roka
 20997 | Orc:2    | Reached XP level 16. HP: 88/151 MP: 22/24
 21091 | Orc:2    | Found Zoud's Antique Armour Emporium.
 21092 | Orc:2    | Found a roughly hewn altar of Beogh.
 21095 | Orc:2    | Found Ehocosch's Antique Weapon Shoppe.
 21106 | Orc:2    | Bought the -2 hat of the Alchemist {rElec rPois rF+ rC+ rN+ MR+ rMut rCorr} for 1840 gold pieces
 21106 | Orc:2    | Bought an embroidered cloak for 292 gold pieces
 21194 | Orc:2    | Found a roughly hewn altar of Beogh.
 21197 | Orc:2    | Found Maucef's Antique Weapon Emporium.
 21514 | Spider:1 | Entered Level 1 of the Spider Nest
 21570 | Spider:1 | Reached skill level 9 in Dodging
 22629 | Spider:2 | Noticed Louise
 22665 | Spider:2 | Killed Louise
 23893 | Spider:3 | Reached skill level 12 in Invocations
 24303 | Spider:4 | Entered Level 4 of the Spider Nest
 24374 | Spider:4 | Noticed Yermak's ghost (journeyman DDGl)
 24394 | Spider:4 | Killed Yermak's ghost
 24498 | Spider:4 | Reached XP level 17. HP: 160/160 MP: 26/26
 24551 | Spider:4 | Reached skill level 17 in Fighting
 24822 | Spider:4 | Noticed Arachne
 24861 | Spider:4 | Got a gossamer rune of Zot
 25390 | Swamp:1  | Entered Level 1 of the Swamp
 25451 | Swamp:1  | Noticed Nikola
 25462 | Swamp:1  | Killed Nikola
 25596 | Swamp:1  | Noticed Donald
 25606 | Swamp:1  | Killed Donald
 26843 | Swamp:3  | Learned a level 3 spell: Regeneration
 27315 | Swamp:4  | Entered Level 4 of the Swamp
 27397 | Swamp:4  | Got a decaying rune of Zot
 27779 | Swamp:4  | Noticed Roxanne
 27856 | Swamp:4  | Killed Roxanne
 28592 | Vaults:1 | Entered Level 1 of the Vaults
 28845 | Vaults:1 | Reached XP level 18. HP: 171/171 MP: 28/28
 29320 | Vaults:1 | Reached skill level 18 in Fighting
 30335 | Vaults:2 | Reached skill level 15 in Armour
 30723 | Vaults:2 | Reached skill level 15 in Invocations
 31252 | Vaults:3 | Reached skill level 15 in Shields
 31252 | Vaults:3 | Reached XP level 19. HP: 179/180 MP: 30/30
 31472 | Vaults:3 | Noticed a caustic shrike
 31472 | Vaults:3 | an acid blob changed into a caustic shrike
 31473 | Vaults:3 | Noticed a golden dragon
 31473 | Vaults:3 | a caustic shrike changed into a golden dragon
 31476 | Vaults:3 | HP: 7/181 [yaktaur captain (19)]
 31802 | Vaults:3 | Reached skill level 12 in Dodging
 32477 | Vaults:3 | Found a staircase to the Crypt.
 32841 | Vaults:4 | Reached skill level 19 in Fighting
 33235 | Vaults:4 | Noticed a Hell Sentinel
 33727 | Vaults:4 | Noticed Jory
 33766 | Vaults:4 | HP: 7/183 [Jory/great sword of protection (33)]
 33767 | Vaults:4 | Killed Jory
 33767 | Vaults:4 | Reached XP level 20. HP: 37/191 MP: 32/32
 34062 | Vaults:4 | Found Umuta's Food Shoppe.
 34931 | Depths:1 | Entered Level 1 of the Depths
 35107 | Depths:1 | Found a gateway to a ziggurat.
 35366 | Depths:1 | Found a gateway to Hell.
 36038 | Depths:2 | Reached XP level 21. HP: 200/200 MP: 33/33
 36040 | Depths:2 | Reached skill level 20 in Fighting
 36346 | Depths:2 | Noticed a golden dragon
 36359 | Depths:2 | Killed a golden dragon
 36755 | Depths:2 | Paralysed by a lich for 5 turns
 36767 | Depths:2 | Paralysed by a lich for 4 turns
 36770 | Depths:2 | Mangled by an ettin

Skill      XL: |  1  2  3  4  5  6  7  8  9 10 11 12 13 14 15 16 17 18 19 20 21 |
---------------+----------------------------------------------------------------+-----
Axes           | 3 4 6 8 10 11 12 13 14 15 16 17 | 17.4
Fighting       | 4 5 6 7 8 10 11 12 13 14 15 16 17 18 19 20 | 20.4
Invocations    | 5 7 8 10 12 13 15 16 17 | 17.9
Armour         | 4 7 8 10 11 12 13 14 15 16 17 | 17.1
Dodging        | 2 4 5 7 8 9 10 11 12 13 | 13.6
Shields        | 4 6 8 10 11 12 13 14 15 16 | 16.9

Action                   |  1- 3 |  4- 6 |  7- 9 | 10-12 | 13-15 | 16-18 | 19-21 || total
-------------------------+-------+-------+-------+-------+-------+-------+-------++-------
Melee: War axe           |   104 |    85 |   297 |   713 |   846 |       |       ||  2045
       Broad axe         |       |       |       |       |   447 |  1732 |  1489 ||  3668
Invok: Minor Destruction |       |       |    27 |    69 |   106 |    33 |       ||   235
       Lesser Servant of |       |       |       |     7 |     5 |       |       ||    12
       Major Destruction |       |       |       |     1 |     1 |     3 |       ||     5
       Greater Servant o |       |       |       |       |     8 |    11 |     6 ||    25
Evoke: Wand              |       |       |       |     7 |       |       |     6 ||    13
  Use: Potion            |       |     3 |       |       |     1 |     9 |     2 ||    15
       Scroll            |       |       |     9 |    10 |    14 |    18 |    10 ||    61
 Stab: Petrified         |       |       |       |       |     6 |       |       ||     6
       Distracted        |       |       |       |       |     7 |     1 |     4 ||    12
       Confused          |       |       |       |       |       |     2 |     3 ||     5
  Eat: Chunk             |     1 |     4 |    12 |    23 |    27 |    26 |    18 ||   111
       Royal jelly       |       |       |       |       |     2 |       |     3 ||     5
       Meat ration       |       |       |       |       |     1 |     2 |       ||     3
Armor: Scale mail        |    42 |    10 |       |       |       |       |       ||    52
       Chain mail        |       |     9 |   102 |   177 |   209 |       |       ||   497
       Plate armour      |       |       |       |       |   163 |   714 |   450 ||  1327
Dodge: Dodged            |    32 |    30 |   100 |   168 |   392 |   603 |   518 ||  1843
       Deflected         |       |       |       |       |       |    11 |    27 ||    38
Block: Shield            |    86 |    60 |   214 |   530 |   973 |   282 |       ||  2145
       Reflection        |       |       |    10 |    21 |    39 |    49 |   105 ||   224
       Large shield      |       |       |       |       |       |  1588 |  1772 ||  3360
